 Dungeon Crawl Stone Soup version 0.31-b1-17-gcfd88c8481 (webtiles) character file.

Game seed: 16918377067859066047

399 groovy9 the Conjurer (level 6, -9/32 HPs)
             Began as a Deep Elf Conjurer on Jan 15, 2024.
             Was an Initiate of Vehumet.
             Mangled by Duvessa
             ... wielding a +0 short sword
              (10 damage)
             ... on level 5 of the Dungeon.
             The game lasted 00:14:15 (4175 turns).

groovy9 the Conjurer (Deep Elf Conjurer)            Turns: 4175, Time: 00:14:15

Health: -9/32      AC:  6    Str:  4    XL:     6   Next: 53%
Magic:  8/17       EV: 12    Int: 31    God:    Vehumet [......]
Gold:   75         SH:  0    Dex: 13    Spells: 4/17 levels left

rFire   + . .        c - staff of conjuration
rCold   + . .        (no shield)
rNeg    . . .        t - +2 robe {rPois}
rPois   +            (no helmet)
rElec   .            p - scarf {rC+ rF+}
rCorr   .            d - +1 pair of gloves
SInv    .            (no boots)
Will    .....        (no amulet)
Stlth   ++           q - +6 ring of intelligence
HPRegen 0.25/turn    (no ring)
MPRegen 0.15/turn

%: no passive effects
@: immotile
A: no striking features
a: Renounce Religion


You were on level 5 of the Dungeon.
You worshipped Vehumet.
Vehumet was noncommittal.
You visited 1 branch of the dungeon, and saw 5 of its levels.

You collected 266 gold pieces.
You spent 191 gold pieces at shops.

Inventory:

Armour
 d - a +1 pair of gloves (worn)
 p - a scarf of resistance (worn)
 t - a +2 robe of poison resistance (worn)
Magical Staves
 c - a staff of conjuration (weapon)
Jewellery
 a - a ring of ice
 q - a +6 ring of intelligence (left hand)
Scrolls
 f - a scroll of brand weapon {unknown}
 g - a scroll of enchant armour
 h - 3 scrolls of teleportation
 s - a scroll of amnesia
 u - a scroll of revelation {unknown}
 v - a scroll of fear {unknown}
Potions
 b - a potion of magic
 e - 3 potions of might
 i - a potion of heal wounds
 j - a potion of cancellation
 k - a potion of curing
 l - 3 potions of attraction
 m - a potion of ambrosia {unknown}
 n - a potion of berserk rage {unknown}
 o - a potion of enlightenment {unknown}
 r - 2 potions of brilliance


   Skills:
 - Level 2.4 Dodging
 - Level 2.4 Stealth
 + Level 6.1 Spellcasting
 * Level 7.4 Conjurations


You had 4 spell levels left.
You knew the following spells:

 Your Spells              Type           Power      Damage    Failure   Level
a - Magic Dart            Conj           100%       1d8       1%          1
b - Searing Ray           Conj           100%       2d8       1%          2
c - Fulminant Prism       Conj/Alch      24%        3d12      11%         4
d - Iskenderun's Mystic   Conj/Tloc      48%        2d11      11%         4
e - Momentum Strike       Conj/Tloc      96%        3d10      1%          2

Your spell library contained the following spells:

 Spells                   Type           Power      Damage    Failure   Level
 Dazzling Flash           Conj/Hex       96%        N/A       3%          3
 Blink                    Tloc           18%        N/A       8%          2
 Lesser Beckoning         Tloc           18%        N/A       8%          2
 Tukima's Dance           Hex            9%         N/A       14%         3
 Volatile Blastmotes      Fire/Tloc      18%        2d11      14%         3
 Passage of Golubria      Tloc           9%         N/A       43%         4
 Vhi's Electric Charge    Tloc/Air       18%        N/A       43%         4
 Arcjolt                  Conj/Air       24%        1d34      28%         5
 Silence                  Hex/Air        4%         N/A       80%         5
 Yara's Violent Unravell  Hex/Alch       4%         3d4       80%         5
 Starburst                Conj/Fire      24%        6d8       85%         6
 Plasma Beam              Fire/Air       4%         2x1d14    100%        6
 Lehudib's Crystal Spear  Conj/Erth      24%        10d7      100%        8
 Maxwell's Capacitive Co  Air            4%         ∞         100%        8


Dungeon Overview and Level Annotations

Branches:
Dungeon (5/15)
 Temple: D:4-7

Altars:
Ashenzari
Dithmenos
Fedhas
Vehumet
The Shining One

Shops:
D:5 *

Annotations:
D:3 3 runed translucent doors, Strat's ghost, amateur MiGl
D:5 Duvessa


Message History

Casting: Magic Dart (safe; 1% risk of failure)
Confirm with . or Enter, or press ? or * to list all spells.
Aiming: Momentum Strike (safe; 1% risk of failure)
Press: ? - help, Dir - move target, f/p - Duvessa
Aim: Duvessa, wielding a +0 short sword and wearing a +0 scale mail (berserk, 84% to hit)
You feel a surge of power!
The concentrated momentum hits Duvessa!!
Duvessa is moderately wounded.
You are unable to move.
Casting: Momentum Strike (safe; 1% risk of failure)
Confirm with . or Enter, or press ? or * to list all spells.
Aiming: Searing Ray (safe; 1% risk of failure)
Press: ? - help, Shift-Dir - straight line, f/p - Duvessa
Aim: Duvessa, wielding a +0 short sword and wearing a +0 scale mail (moderately wounded, berserk, 87% to hit)
You feel a surge of power!
The searing ray hits Duvessa.
Duvessa is moderately wounded. (Press . to maintain the ray.) Duvessa completely misses you.
The searing ray hits Duvessa.
Duvessa is heavily wounded.
Duvessa barely misses you.
The searing ray hits Duvessa.
Duvessa is heavily wounded.
Duvessa hits you with a +0 short sword. Duvessa hits you with a +0 short sword!
The searing ray hits Duvessa.
Duvessa is heavily wounded.
You finish channelling your searing ray.
You are no longer robbed of momentum.
Duvessa hits you with a +0 short sword.
Casting: Searing Ray (safe; 1% risk of failure)
Confirm with . or Enter, or press ? or * to list all spells.
Aiming: Momentum Strike (safe; 1% risk of failure)
Press: ? - help, Dir - move target, f/p - Duvessa
Aim: Duvessa, wielding a +0 short sword and wearing a +0 scale mail (heavily wounded, berserk, 84% to hit)
You feel a surge of power!
The concentrated momentum hits Duvessa!
Duvessa is almost dead.
You are unable to move.
Duvessa hits you with a +0 short sword!
* * * LOW HITPOINT WARNING * * *
Duvessa hits you with a +0 short sword!
You die...

#######.##
#.....##.#
#.#######
#..#####.#
#.#.....#
#..#####.#
#.#.....#
####.....#
#########.#.....#
#..###..##
#..........<....#
#....##.##
#.#####.#.#.....#
#.....#..##
#.##......##..###
...#####..#
#.##.##.####e@# ..
#...#..##
#.##.##.###..#...#.
+._.#...#
#...........###..#
#...#...#
####.##>###..# #.#
#####...#
#######c##.# #.#.
.# ....#.....
#..........# #.#.c
. ...##.###.
#.####.##### #.#.##
# .###....#.
......)##### #.....
###....#...
..##.......# ##...#
#.##...###.


You could see Duvessa (berserk).

Vanquished Creatures
  A water moccasin (D:5)
  A centaur (D:4)
  Dowan (D:5)
  A bombardier beetle (D:3)
  An iguana (D:5)
  4 adders
  A dart slug (D:2)
  3 orcs (D:3)
  6 ball pythons
  4 bats (D:1)
  5 endoplasms
  A giant cockroach (D:4)
  6 goblins
  11 hobgoblins
  2 jackals (D:1)
  4 quokkas
  3 frilled lizards
  6 kobolds
  5 rats
66 creatures vanquished.

Notes
Turn   | Place    | Note
-------+----------+-------------------------------------------
     0 | D:1      | groovy9 the Deep Elf Conjurer began the quest for the Orb.
     0 | D:1      | Reached XP level 1. HP: 10/10 MP: 6/6
   201 | D:1      | Reached XP level 2. HP: 15/15 MP: 3/8
   251 | D:1      | Learned a level 2 spell: Searing Ray
   949 | D:2      | Reached skill level 5 in Conjurations
   949 | D:2      | Reached XP level 3. HP: 19/19 MP: 4/10
  2258 | D:3      | Found a shadowy altar of Dithmenos.
  2260 | D:3      | Found a runed translucent gate.
  2260 | D:3      | Found a runed translucent gate.
  2262 | D:3      | Reached XP level 4. HP: 24/24 MP: 8/12
  2266 | D:3      | Found a runed translucent gate.
  2267 | D:3      | Identified the +3 whip of the Freezing Badger {spect, rElec
                  | rC+ Int+3}
  2362 | D:3      | Noticed Strat's ghost (amateur MiGl)
  2373 | D:3      | Learned a level 4 spell: Fulminant Prism
  2378 | D:3      | Learned a level 4 spell: Iskenderun's Mystic Blast
  2831 | D:3      | Found a blossoming altar of Fedhas.
  3025 | D:4      | Found a radiant altar of Vehumet.
  3047 | D:4      | Became a worshipper of Vehumet
  3050 | D:4      | Noticed a centaur
  3206 | D:5      | Entered Level 5 of the Dungeon
  3296 | D:5      | Noticed Dowan
  3296 | D:5      | Noticed a centaur
  3361 | D:5      | Found a broken altar of Ashenzari.
  3387 | D:5      | Reached skill level 5 in Spellcasting
  3387 | D:5      | Reached skill level 6 in Conjurations
  3387 | D:5      | Reached XP level 5. HP: 25/28 MP: 4/14
  3466 | D:5      | Learned a level 2 spell: Momentum Strike
  3496 | D:5      | Found Facirghus's Serpentskin Sales.
  3496 | D:5      | Noticed a water moccasin
  3499 | D:5      | Killed a water moccasin
  3570 | D:5      | Bought a +2 robe of poison resistance for 191 gold pieces
  3607 | D:5      | Killed Dowan
  3608 | D:5      | Reached skill level 7 in Conjurations
  3608 | D:5      | Reached XP level 6. HP: 32/32 MP: 7/16
  4023 | D:4      | Found a glowing golden altar of the Shining One.
  4168 | D:5      | Noticed Duvessa
  4175 | D:5      | HP: 1/32 [Duvessa/+0 short sword (13)]
  4175 | D:5      | Mangled by Duvessa

Illustrated notes

Levels and vault maps discovered:
D:1:      ldierk_walled_garden_2, layout_rooms, chequers_serial_rivers_room_b
D:2:      layout_basic
D:3:      layout_loops_ring, lemuel_round_altar,
          nicolae_dithmenos_shadow_blocks, biasface_ghost_orc_armoury
D:4:      layout_rooms, mainiacjoe_overflow_concentric_impassable,
          nicolae_tso_carved_into_rock
D:5:      layout_loops_cross, nicolae_ashenzari_skybound, nicolae_sextant,
          guppyfry_shop_venom, uniq_sigmund, uniq_eustachio, uniq_duvessa

Skill      XL: |  1  2  3  4  5  6 |
---------------+-------------------+-----
Spellcasting   | 4 5 6 |  6.1
Conjurations   | 5 6 7 |  7.4
Dodging        | |  2.4
Stealth        | |  2.4

Action                     |  1- 3 |  4- 6 || total
---------------------------+-------+-------++-------
   Cast: Magic Dart        |    64 |    25 ||    89
         Searing Ray       |    10 |    14 ||    24
         Momentum Strike   |       |     5 ||     5
    Use: Scroll            |       |    10 ||    10
 Armour: Robe              |     2 |    19 ||    21
  Dodge: Dodged            |     2 |     9 ||    11
